 Dungeon Crawl Stone Soup version 0.27-a0-1301-g128193abf8 (webtiles) character file.

Game seed: 6200637501520934504

44 Shayle the Skirmisher (level 3, -4/37 HPs)
             Began as an Ogre Warper on June 17, 2021.
             Killed by nerve-wracking pain
             ... invoked by Jessica
              (10 damage)
             ... on level 2 of the Dungeon.
             The game lasted 00:05:20 (2401 turns).

Shayle the Skirmisher (Ogre Warper)                 Turns: 2401, Time: 00:05:21

Health: -4/37      AC:  0    Str: 14 (15) XL:     3   Next: 62%
Magic:  6/6        EV: 14    Int: 14 (15) God:
Gold:   38         SH:  0    Dex:  5 (8)  Spells: 1/6 levels left

rFire    . . .     SeeInvis .   (weapon currently unavailable)
rCold    . . .     Faith    .   (shield currently unavailable)
rNeg     . . .     Spirit   .   (armour currently unavailable)
rPois    .         Reflect  .   (helmet currently unavailable)
rElec    .         Harm     .   (cloak currently unavailable)
rCorr    .         Rampage  .   (gloves unavailable)
Will     .....                  (boots unavailable)
Stlth    +.........             g - amulet of magic regeneration
HPRegen  0.12/turn              (ring currently unavailable)
MPRegen  0.35/turn              (ring currently unavailable)

@: about to teleport, pig-form, very quick
A: fast, no casting, small, unfitting armour, (tough skin 1)
a: no special abilities


You were on level 2 of the Dungeon.
You were a filthy swine.
You visited 1 branch of the dungeon, and saw 3 of its levels.

You collected 38 gold pieces.

Inventory:

Hand Weapons
 a - a +0 spear (melded)
Armour
 b - a +0 robe (melded)
Jewellery
 c - a ring of see invisible (melded)
 g - an amulet of magic regeneration (around neck)
Scrolls
 e - a scroll of immolation
 h - a scroll of magic mapping {unknown}
 j - 3 scrolls of teleportation


   Skills:
 + Level 3.4 Fighting
 + Level 2.5 Polearms
 - Level 1.0 Throwing
 * Level 3.0 Dodging
 - Level 2.4 Spellcasting
 - Level 2.6 Translocations


You had one spell level left.
You knew the following spells:

 Your Spells              Type           Power      Damage    Failure   Level
a - Blink                 Tloc           N/A        N/A       12%         2
b - Teleport Other        Tloc           9%         N/A       22%         3

Your spell library contained the following spells:

 Spells                   Type           Power      Damage    Failure   Level
 Gell's Gravitas          Tloc           4%         N/A       22%         3
 Lesser Beckoning         Tloc           4%         N/A       22%         3
 Manifold Assault         Tloc           9%         N/A       91%         5


Dungeon Overview and Level Annotations

Branches:
Dungeon (3/15)

Altars:

Annotations:
D:2 Jessica


Innate Abilities, Weirdness & Mutations

You are a filthy swine.
You move quickly.
Your equipment is almost entirely melded.
You are incapable of wielding weapons or throwing items.
You cannot cast spells.
You are too large for most types of armour.
((You have tough skin. (AC +1)))


Message History

Jessica is severely wounded.
Jessica hits you with a +1 spectral club.
You closely miss Jessica.
Jessica is severely wounded.
Jessica hits you with a +1 spectral club.
You barely miss Jessica.
Jessica is severely wounded.
Jessica zaps a wand.
You turn into a filthy swine.
Your +0 spear melds into your body.
Your +0 robe melds into your body.
Your ring of see invisible melds into your body.
Okay, then.
Unknown command.
It was a potion of degeneration.
There was something very wrong with that liquid.
You feel weakened.
You feel dopey.
You feel clumsy. Jessica casts a spell at you. Pain shoots through your body!
It was a potion of lignification.
You feel woody for a moment. Jessica closely misses you.
You hit Jessica.
Jessica is almost dead.
Jessica hits you with a +1 spectral club.
You closely miss Jessica.
Jessica is almost dead.
Jessica hits you with a +1 spectral club!
* * * LOW HITPOINT WARNING * * *
You hit Jessica but do no damage.
Jessica is almost dead.
Jessica casts a spell.
Jessica blinks!
Unknown command.
As you read the scroll labelled BUKOLU BUIDONK, it crumbles to dust.
The creatures around you are filled with an inner flame!
It was a scroll of immolation.
As you read the scroll labelled QORULEH EDUS, it crumbles to dust.
You feel strangely unstable.
It was a scroll of teleportation.
There is an open door here.
Jessica casts a spell at you. Pain shoots through your body!
You die...

#..............#
####...........#
######......# # #......#
#. #......#### #.#####
#.........# #.....#
#.........#
#.....############.....#
#..@..'h........##.....#
#.....#########.##......
#....$# #.##.....#
#.(...# #.########
#.....# #.########
####### #.#.......
#####'#.......
#.............
#.............


You could see Jessica (inner flame).

Vanquished Creatures
  A dart slug (D:1)
  4 endoplasms
  A hobgoblin (D:1)
  7 jackals
  2 quokkas (D:1)
  5 ball pythons (D:1)
  2 bats (D:1)
  A frilled lizard (D:1)
  6 goblins
  4 kobolds
  4 rats
37 creatures vanquished.

Notes
Turn   | Place    | Note
-------+----------+-------------------------------------------
     0 | D:1      | Shayle the Ogre Warper began the quest for the Orb.
     0 | D:1      | Reached XP level 1. HP: 22/22 MP: 3/3
   300 | D:1      | Found a faded altar of an unknown god.
   547 | D:1      | Reached XP level 2. HP: 29/29 MP: 5/5
  1024 | D:1      | Reached XP level 3. HP: 37/37 MP: 6/6
  1690 | D:2      | Learned a level 2 spell: Blink
  1694 | D:2      | Learned a level 3 spell: Teleport Other
  2383 | D:2      | Noticed Jessica
  2401 | D:2      | Killed from afar by Jessica

Illustrated notes

Levels and vault maps discovered:
D:1:      dpeg_chamrin_arrival_tetris, layout_basic,
          ebering_ecumenical_altar_box
D:2:      layout_basic, minmay_nonomino_d4, uniq_crazy_yiuf_cottage,
          uniq_jessica
D:3:      layout_rooms, kennysheep_path_1

Skill      XL: |  1  2  3 |
---------------+----------+-----
Fighting       | 3 |  3.4
Dodging        | 3 |  3.0
Polearms       | |  2.5
Throwing       | |  1.0
Spellcasting   | |  2.4
Translocations | |  2.6

Action                   || total
-------------------------++-------
Melee: Spear             ||   146
       Unarmed           ||     3
Throw: Boomerang         ||     5
  Use: Scroll            ||     3
       Potion            ||     2
Armor: Robe              ||    47
Dodge: Dodged            ||    92

Table legend: (Time is in decaauts)
 A = Elapsed time spent in this place.
 B = Non-inter-level travel time spent in this place.
 C = Inter-level travel time spent in this place.
 D = Time resting spent in this place.
 E = Time spent auto-exploring this place.
 F = Levels seen in this place.
 G = Mean time per level.
                   A        B        C        D        E       F      G
               +--------+--------+--------+--------+--------+-----+--------+
         Total |   2400 |   2321 |     79 |    363 |   1339 |   3 |  800.0 |
       Dungeon |   2400 |   2321 |     79 |    363 |   1339 |   3 |  800.0 |
               +--------+--------+--------+--------+--------+-----+--------+

Top non-repeatable levels by time:
     D:1: 1692 daAuts
     D:2: 693 daAuts
     D:3: 13 daAuts
